 Dungeon Crawl Stone Soup version 0.29.1-2-gbd0b4ee654 (webtiles) character file.

Game seed: 15801966525035299008

902 Anriel the Covered (level 7, 0/52 (56) HPs)
             Began as a Demigod Gladiator on Nov 2, 2022.
             Slain by a wight
             ... wielding a +5 long sword
              (8 damage)
             ... on level 6 of the Dungeon.
             The game lasted 00:33:00 (7142 turns).

Anriel the Covered (Demigod Gladiator)              Turns: 7142, Time: 00:33:01

HP:   0/52 (56)     AC: 15    Str: 19    XL:     7   Next: 50%
MP:   7/9           EV:  7    Int: 10    God:
Gold: 304           SH:  0    Dex: 19    Spells: 6/6 levels left

rFire   . . .      SeeInvis .   a - +1 long sword
rCold   . . .      Faith    .   (no shield)
rNeg    . . .      Spirit   .   b - +0 plate armour
rPois   +          Reflect  .   v - +0 helmet
rElec   .          Harm     .   (no cloak)
rCorr   .          Rampage  .   w - +1 pair of gloves {infuse}
Will    .....                   (no boots)
Stlth   ..........              (no amulet)
HPRegen 0.17/turn               x - ring of poison resistance
MPRegen 0.11/turn               (no ring)

@: weak-willed, drained
A: high MP 1, forlorn, divine attributes
a: no special abilities


You were on level 6 of the Dungeon.
You visited 2 branches of the dungeon, and saw 7 of its levels.

You collected 304 gold pieces.

Inventory:

Hand Weapons
 a - a +1 long sword (weapon)
 s - a +0 shortbow
Missiles
 g - 4 boomerangs (quivered)
 j - 2 throwing nets
 k - 7 javelins
Armour
 b - a +0 plate armour (worn)
 v - a +0 helmet (worn)
 w - a +1 pair of gloves of infusion (worn)
Jewellery
 x - a ring of poison resistance (left hand)
Wands
 q - a wand of flame (23)
 r - a wand of polymorph (8)
Scrolls
 h - a scroll of noise {unknown}
 i - a scroll of enchant armour {unknown}
 l - 2 scrolls of amnesia
 n - 3 scrolls of teleportation
 o - a scroll of blinking {unknown}
 p - a scroll of torment {unknown}
 t - 2 scrolls of fear {unknown}
 u - a scroll of enchant weapon
Potions
 f - a potion of attraction
 m - 2 potions of mutation


   Skills:
 + Level 2.6 Fighting
 + Level 4.5 Long Blades
 * Level 4.2 Ranged Weapons
 - Level 2.0 Throwing
 * Level 4.7 Armour
 + Level 3.1 Dodging


You had 6 spell levels left.
You didn't know any spells.
Your spell library contained the following spells:

 Spells                   Type           Power      Damage    Failure   Level
 Freeze                   Ice            0%         1d3       100%        1
 Frozen Ramparts          Ice            0%         1d1       100%        3
 Ignite Poison            Fire/Tmut/Pois 0%         N/A       100%        3
 Mephitic Cloud           Conj/Pois/Air  0%         N/A       100%        3
 Hailstorm                Conj/Ice       0%         3d3       100%        4
 Freezing Cloud           Conj/Ice/Air   0%         6-21      100%        5


Dungeon Overview and Level Annotations

Branches:
Dungeon (6/15)             Temple (1/1) D:5


Innate Abilities, Weirdness & Mutations

You have an increased reservoir of magic. (+10% MP)
You shall have no god before yourself.
Your divine heritage dramatically boosts your attributes as you level up.


Message History

You climb downwards.
The wight hits you with a +3 scimitar.
You feel drained.
There is a stone staircase leading up here.
You slash the wight!
The wight is almost destroyed.
The wight barely misses you.
You hit the wight.
The wight is almost destroyed.
The wight hits you with a +3 scimitar.
You barely miss the wight.
The wight is almost destroyed.
The wight hits you with a +3 scimitar.
You feel drained. The wight hits you with a +3 scimitar.
You closely miss the wight.
The wight is almost destroyed.
The wight hits you with a +3 scimitar!
You hit the wight but do no damage.
The wight is almost destroyed.
A wight comes into view. It is wielding a +5 long sword.
The wight hits you with a +3 scimitar.
You closely miss the wight.
The wight is almost destroyed.
The wight hits you with a +3 scimitar!
* * * LOW HITPOINT WARNING * * *
You feel drained.
* * * LOW HITPOINT WARNING * * *
Okay, then.
Okay, then.
As you read the scroll labelled VEPSOO NAPUICOUTIR, it crumbles to dust.
Magic quickly surges around you.
It was a scroll of vulnerability.
The wight hits you but does no damage. The wight hits you with a +3 scimitar.
* * * LOW HITPOINT WARNING * * *
You feel drained.
* * * LOW HITPOINT WARNING * * *
As you read the scroll labelled RAERIKA OBEINN, it crumbles to dust.
The scroll dissolves into smoke.
It was a scroll of fog.
The wight hits you but does no damage. x2
As you read the scroll labelled ROBBUPPOOD, it crumbles to dust.
You feel aware of your surroundings.
It was a scroll of magic mapping.
The wight hits you with a +5 long sword!
You die...

*,,,,,,,,,,,,,,,,,,,,,,,,,,,,,*
*,*************####*,**,*******
*,******,,,,,###..,,,,,,*
,,,,,,,*,***,#..$.,*,****
,,,,,,,,,,,*,#...#,*,#
,,,,,,,*,*,*,#...#,*.#
,,,,,,,*,*,*,#...#,..*
,,,,,,,*,*,*,#§§§#§#,*
,,,,,,,*,*,*,#.z@z§#,*
,,,,,,,*,*,,,#§§§§.#,***
,,,,,,,*,****#..#§.....*
,,,,,,,,,,***#..#..#.#.#
,,,,,,,,,,,,,#..#..#,#,*
,,,,,,,*****,#..#..#,*,*
*,,,,,,,,,,*,#..#..#,*,*
*,******,,,*,#..#..#,*,* *,*
*,,,,,,,,*,,*,*,*


You could see 2 wights.

Vanquished Creatures
  2 ogres
  A centaur (D:5)
  2 scorpions (D:5)
  A wight (D:5)
  2 hounds (D:5)
  An orc priest (D:2)
  3 orc wizards
  7 gnolls
  9 adders
  An ufetubus (D:5)
  5 worms
  A dart slug (D:2)
  24 orcs
  4 bats
  6 endoplasms
  4 giant cockroaches
  6 goblins
  14 hobgoblins
  11 jackals
  4 quokkas
  5 ball pythons
  A frilled lizard (D:3)
  4 kobolds
  2 rats (D:1)
120 creatures vanquished.

Vanquished Creatures (others)
  An orc wizard (D:5)
  7 plants
8 creatures vanquished.

Grand Total: 128 creatures vanquished

Notes
Turn   | Place    | Note
-------+----------+-------------------------------------------
     0 | D:1      | Anriel the Demigod Gladiator began the quest for the Orb.
     0 | D:1      | Reached XP level 1. HP: 17/17 MP: 3/3
   388 | D:1      | Reached XP level 2. HP: 8/24 MP: 4/4
   922 | D:1      | Reached skill level 1 in Armour
  1223 | D:2      | Reached XP level 3. HP: 21/29 MP: 5/5
  1957 | D:2      | Reached skill level 1 in Ranged Weapons
  1957 | D:2      | Reached XP level 4. HP: 33/36 MP: 6/6
  2919 | D:3      | Reached XP level 5. HP: 37/41 MP: 7/7
  4685 | D:4      | Noticed an ogre
  4715 | D:4      | Killed an ogre
  4716 | D:4      | Reached XP level 6. HP: 25/48 MP: 8/8
  4983 | D:5      | Entered Level 5 of the Dungeon
  5602 | D:5      | Reached XP level 7. HP: 41/56 MP: 9/9
  5618 | D:5      | Found a staircase to the Ecumenical Temple.
  5906 | Temple   | Entered the Ecumenical Temple
  7142 | D:6      | Slain by a wight

Illustrated notes

Levels and vault maps discovered:
D:1:      minmay_arrival_four_circles, layout_basic,
          hellmonk_ecumenical_altar_lost_god, serial_glass, glass_columns_a,
          glass_columns_a
D:2:      layout_basic, guppyfry_early_orc_mine
D:3:      cheibrodos_old_hovel, layout_loops_ring
D:4:      layout_layer_cave, gammafunk_temple_overflow_forgotten,
          nicolae_overflow_crystal_walls, grunt_ministairs_12, sigmund_army
D:5:      layout_basic, minmay_temple_entry_drinking_statues,
          serial_co_window_serial, co_window_paths_b,
          co_window_of_opportunity_a, co_window_paths_a, co_window_paths_b,
          co_window_paths_a, co_window_paths_a, co_window_paths_a,
          co_window_unsneaky_path_e, co_window_cross_4, co_window_2corner,
          co_window_corner_b, co_window_broadway_a, co_window_sun,
          co_window_paths_e, glass_columns_a, glass_columns_a, glass_columns_c
D:6:      layout_basic
Temple:   nicolae_temple_two_arcs

Skill      XL: |  1  2  3  4  5  6  7 |
---------------+----------------------+-----
Armour         | 1 2 3 4 |  4.7
Long Blades    | 3 4 |  4.5
Dodging        | 3 |  3.1
Throwing       | 2 |  2.0
Fighting       | 2 |  2.6
Ranged Weapons | 1 2 3 4 |  4.2

Action                   |  1- 3 |  4- 6 |  7- 9 || total
-------------------------+-------+-------+-------++-------
Melee: Long sword        |    83 |   181 |    69 ||   333
       Punch             |       |     1 |     1 ||     2
 Fire: Sling             |    21 |    63 |     4 ||    88
       Shortbow          |       |       |    20 ||    20
Throw: Javelin           |     5 |       |       ||     5
       Boomerang         |    19 |     1 |       ||    20
       Throwing net      |       |     3 |       ||     3
  Use: Scroll            |     7 |     2 |     3 ||    12
       Potion            |       |     5 |       ||     5
 Stab: Invisible         |       |     1 |       ||     1
Armor: Leather armour    |    29 |       |       ||    29
       Scale mail        |     2 |    19 |       ||    21
       Plate armour      |       |   113 |    71 ||   184
Dodge: Dodged            |    67 |    86 |    27 ||   180
